AoeStats
← KR0N0S-

Black Forest

508920705Analyzed
4v4 RM · 7d ago on Sep 24, 2026· 54m 28s· 8 players
Game mode
Random Map
Map size
Large (8 player)
Population
200
Speed
Normal
Resources
Standard
Victory
Conquest
Starting age
Dark Age
Ending age
Imperial Age
RankedLock teamsTeams togetherTeam positionsShared explorationLock speedFull tech treeHidden civsTurbo modeCheats
Victory
Defeat
🇳🇱 Romans · Netherlands
1147
+8
🇳🇱 Slavs · Netherlands
1045
+12
🇳🇱 Huns · Netherlands
871
+18
🇦🇹 Persians · Austria
796
+21
🇩🇪 Japanese · Germany
1001
-17
🇹🇷 Saxons · Türkiye
966
-16
🇨🇱 Varangians · Chile
925
-14
🇨🇳 Magyars · China
871
-12
KR0N0S-
12:31 Feudal Age
13:34 Double-Bit Axe
17:10 Fishing Lines
17:23 Gold Mining
19:50 Stone Mining
23:01 Castle Age
24:34 Bow Saw
25:17 Caravan
25:22 Gillnets
26:35 Wheelbarrow
28:55 Hand Cart
29:34 Forging
29:30 Scale Barding Armor
29:27 Scale Mail Armor
31:23 Iron Casting
33:50 Imperial Age
31:10 Loom
33:06 Squires
33:34 Chain Mail Armor
33:26 Scale Barding Armor
33:13 Fletching
33:23 Padded Archer Armor
34:30 Stone Shaft Mining
36:04 Two-Man Saw
34:52 Town Watch
36:25 Blast Furnace
36:22 Elite Jarl
40:32 Elite Varangian Guard
42:32 Town Patrol
43:07 Pikeman
44:14 Conscription
43:57 Halberdier
49:03 Chain Barding Armor
49:18 Plate Mail Armor
48:43 Bodkin Arrow
49:04 Leather Archer Armor
51:53 Bracer
52:29 Plate Barding Armor
Hoodie Melo
0:30 Loom
11:07 Feudal Age
15:32 Castle Age
14:52 Double-Bit Axe
15:09 Horse Collar
17:15 Bow Saw
19:08 Heavy Plow
20:47 Wheelbarrow
19:57 Town Watch
21:46 Stone Mining
22:53 Hand Cart
22:47 Gold Mining
23:43 Padded Archer Armor
25:07 Fletching
25:03 Crossbowman
26:32 Gold Shaft Mining
26:06 Bodkin Arrow
26:55 Thumb Ring
27:48 Leather Archer Armor
30:35 Scale Mail Armor
30:45 Forging
34:25 Imperial Age
34:34 Imperial Age
33:02 Town Watch
32:53 Elite Skirmisher
33:56 Chain Mail Armor
35:25 Iron Casting
35:50 Conscription
36:22 Siege Engineers
39:01 Kataparuto
40:11 Chemistry
39:33 Ballistics
41:28 Elite Samurai
44:50 Arbalester
JoelReagan
0:28 Loom
14:26 Feudal Age
15:23 Horse Collar
15:32 Double-Bit Axe
23:35 Castle Age
22:20 Man-at-Arms
23:29 Gold Mining
24:12 Long Swordsman
24:57 Pikeman
26:22 Fletching
26:32 Padded Archer Armor
26:43 Scale Barding Armor
26:54 Bow Saw
27:24 Husbandry
27:40 Bodkin Arrow
28:47 Masonry
29:24 Corvinian Army
30:37 Bloodlines
33:11 Wheelbarrow
35:25 Heavy Plow
38:39 Leather Archer Armor
39:48 Thumb Ring
40:17 Chain Barding Armor
Dostoyevski
0:46 Loom
12:22 Feudal Age
15:31 Double-Bit Axe
19:36 Castle Age
17:20 Horse Collar
19:46 Wheelbarrow
19:07 Stone Mining
19:19 Gold Mining
23:15 Hand Cart
25:32 Heavy Plow
31:53 Imperial Age
35:59 Conscription
36:11 Arson
36:27 Squires
35:49 Pikeman
37:06 Forging
36:56 Scale Mail Armor
tiemen
1:59 Loom
12:36 Feudal Age
17:58 Castle Age
16:07 Double-Bit Axe
16:36 Horse Collar
17:22 Gold Mining
22:59 Heavy Plow
24:48 Stone Mining
26:34 Fletching
30:17 Imperial Age
28:22 Bow Saw
28:52 Ballistics
28:04 Pikeman
28:45 Squires
28:58 Forging
30:46 Wheelbarrow
31:32 Conscription
32:53 Chemistry
31:55 Heavy Scorpion
38:57 Halberdier
41:12 Scale Mail Armor
41:48 Iron Casting
41:32 Caravan
42:27 Chain Mail Armor
44:40 Blast Furnace
44:49 Crop Rotation
44:36 Hand Cart
44:20 Bodkin Arrow
44:56 Plate Mail Armor
44:36 Man-at-Arms
48:12 Two-Man Saw
48:34 Gold Shaft Mining
47:47 Town Watch
48:08 Druzhina
47:32 Long Swordsman
48:45 Capped Ram
49:30 Padded Archer Armor
49:40 Two-Handed Swordsman
50:52 Siege Engineers
50:38 Siege Ram
Bo Binci
10:48 Loom
12:45 Feudal Age
18:55 Castle Age
16:39 Horse Collar
16:47 Double-Bit Axe
17:28 Stone Mining
17:33 Gold Mining
20:19 Bow Saw
20:12 Heavy Plow
21:16 Gold Shaft Mining
28:17 Ballistics
31:04 Imperial Age
29:42 Stone Shaft Mining
29:04 Fletching
29:21 Town Watch
33:03 Chemistry
33:40 Two-Man Saw
33:26 Crop Rotation
33:24 Bodkin Arrow
34:11 Wheelbarrow
34:36 Masonry
34:41 Forging
35:12 Hand Cart
35:31 Conscription
35:49 Murder Holes
36:24 Architecture
36:55 Iron Casting
36:26 Scale Barding Armor
36:49 Caravan
37:34 Hoardings
36:41 Pikeman
37:21 Squires
37:07 Arson
37:40 Town Patrol
37:56 Elite War Elephant
39:45 Citadels
39:37 Kamandaran
39:08 Sappers
40:28 Thumb Ring
40:41 Elite Skirmisher
40:44 Crossbowman
43:52 Bloodlines
43:43 Husbandry
45:17 Fervor
45:22 Block Printing
45:08 Devotion
45:43 Theocracy
45:04 Herbal Medicine
Arno_Arno
2:19 Loom
11:27 Feudal Age
11:38 Man-at-Arms
12:13 Horse Collar
12:21 Double-Bit Axe
19:43 Castle Age
18:10 Gold Mining
19:51 Scale Mail Armor
19:44 Fletching
20:50 Wheelbarrow
20:40 Bow Saw
20:20 Stone Mining
20:37 Heavy Plow
22:48 Scale Mail Armor
23:01 Forging
22:47 Bodkin Arrow
25:24 Long Swordsman
26:06 Scale Mail Armor
26:42 Iron Casting
26:47 Squires
27:31 Hand Cart
28:09 Chain Mail Armor
31:40 Ballistics
32:34 Murder Holes
35:23 Imperial Age
34:46 Ballistas
34:53 Padded Archer Armor
35:12 Masonry
37:15 Chemistry
35:44 Heavy Scorpion
35:56 Legionary
39:22 Caravan
39:53 Coinage
41:45 Banking
42:36 Siege Engineers
42:59 Capped Ram
46:19 Blast Furnace
45:47 Comitatenses
45:49 Conscription
48:28 Architecture
49:14 Gold Shaft Mining
48:30 Town Watch
48:31 Siege Ram
NewTrinity78
2:47 Loom
11:49 Feudal Age
12:58 Horse Collar
13:05 Double-Bit Axe
18:50 Castle Age
21:32 Heavy Plow
21:44 Bow Saw
22:29 Caravan
24:14 Fishing Lines
28:11 Husbandry
28:22 Bloodlines
28:45 Scale Barding Armor
28:51 Forging
33:30 Imperial Age
32:36 Chain Barding Armor
32:52 Iron Casting
32:18 Padded Archer Armor
32:23 Gillnets
33:26 Ballistics
33:42 Thumb Ring
33:43 Cavalier
35:41 Parthian Tactics
39:03 Chemistry
37:59 Murder Holes
37:50 Paladin
41:45 Heavy Cavalry Archer
42:28 Fletching
43:05 Leather Archer Armor
43:27 Plate Barding Armor
44:02 Blast Furnace
42:58 Light Cavalry
45:24 Bodkin Arrow
45:29 Scale Mail Armor
50:08 Hussar
Connection lost

Rejoining the realm…

Still unreachable

The connection could not be restored.

Session expired

The server has moved on; the page needs a fresh start.